 Dungeon Crawl Stone Soup version 0.31-a0-150-g89dc3ad700 (webtiles) character file.

Game seed: 5781609751737475039

42 qw the Shooter (level 3, -11/31 HPs)
             Began as a Minotaur Hunter on June 8, 2023.
             Mangled by a gnoll
             ... wielding a +0 halberd
              (13 damage)
             ... on level 1 of the Dungeon.
             The game lasted 00:00:17 (924 turns).

qw the Shooter (Minotaur Hunter)                     Turns: 924, Time: 00:00:18

Health: -11/31     AC:  5    Str: 15    XL:     3   Next: 33%
Magic:  2/2        EV: 11    Int:  6    God:
Gold:   73         SH:  0    Dex: 15    Spells: 2/2 levels left

rFire   . . .        Y - +0 shortbow
rCold   . . .        (shield currently unavailable)
rNeg    . . .        f - +0 ring mail
rPois   .            (helmet restricted)
rElec   .            (no cloak)
rCorr   .            (no gloves)
SInv    .            (no boots)
Will    .....        (no amulet)
Stlth   +            (no ring)
HPRegen 0.25/turn    (no ring)
MPRegen 0.08/turn

%: no passive effects
@: no status effects
A: horns 2, retaliatory headbutt
a: no special abilities


You were on level 1 of the Dungeon.
You visited 1 branch of the dungeon, and saw 2 of its levels.

You collected 73 gold pieces.


Innate Abilities, Weirdness & Mutations

You have a pair of horns on your head.
You reflexively headbutt those who attack you in melee.


   Skills:
 - Level 3.0 Fighting
 + Level 5.2 Ranged Weapons
 - Level 1.3 Armour
 - Level 2.1 Dodging
 - Level 0.7 Stealth


You had 2 spell levels left.
You didn't know any spells.
Your spell library was empty.

Inventory:

Hand Weapons
 Y - a +0 shortbow (weapon)
Armour
 f - a +0 ring mail (worn)
Potions
 d - a potion of heal wounds
 h - a potion of berserk rage {unknown}

Dungeon Overview and Level Annotations

Branches:
Dungeon (2/15)

Altars:


Message History

The bat moves out of view.
There is a stone staircase leading up, spattered with blood here.
You shoot an arrow. The arrow closely misses the gnoll.
The gnoll closely misses you.
You shoot an arrow. The arrow barely misses the gnoll.
The gnoll hits you from afar with a +0 halberd!
The gnoll closely misses you.
845 ||| STAIRDANCE The gnoll hits you from afar with a +0 halberd!
You climb upwards.
There is a stone staircase leading down here.
You start resting.
HP restored.
Partly explored, can't reach some places.
(D) Dungeon
Where to? (* - list waypoints, Enter - D:2, ? - help)
What level of the Dungeon? (default 1, ? - help)
You climb downwards.
The gnoll barely misses you.
There is a stone staircase leading up, spattered with blood here.
A gnoll is nearby!
You shoot an arrow. The arrow barely misses the gnoll.
The gnoll closely misses you. The gnoll hits you with a +0 halberd!
919 ||| STAIRDANCE The gnoll barely misses you.
You climb upwards.
There is a stone staircase leading down here.
You shoot an arrow. The arrow hits the gnoll.
The gnoll is lightly wounded.
The gnoll barely misses you.
You shoot an arrow.
The arrow hits the gnoll but does no damage.
The gnoll is lightly wounded.
The gnoll misses you. You furiously retaliate!
You headbutt the gnoll. You shoot an arrow. The arrow hits the gnoll.
The gnoll is heavily wounded.
The gnoll hits you with a +0 halberd.
You shoot an arrow. The arrow hits the gnoll.
The gnoll is heavily wounded.
The gnoll hits you with a +0 halberd! x2
You die...

### #####....# #.#
#........# #.# ##........#
#.# ##.........#
#.#######....##+##.#
#.##.P#.PP~P....##.#
#####....P#........P##.#
#..........#.P~P~P...#.#
#...[.g@...#.....PP.....
#.....)....#P.~.}...##.#
#..........#....~...##..
########'#+#...#.#..#..##.#
#.....)........#_#..#.....#
########.#...P.######..##.#
#....P...#......##.#
#.#......#......##.#
#####.####.##.#..#####.#


You could see a gnoll.

Vanquished Creatures
  2 gnolls
  2 ball pythons (D:1)
  5 endoplasms (D:1)
  3 giant cockroaches (D:1)
  3 goblins (D:1)
  A hobgoblin (D:1)
  A quokka (D:1)
  A bat (D:1)
  A frilled lizard (D:1)
19 creatures vanquished.

Notes
Turn   | Place    | Note
-------+----------+-------------------------------------------
     0 | D:1      | qw the Minotaur Hunter began the quest for the Orb.
     0 | D:1      | Reached XP level 1. HP: 18/18 MP: 0/0
     0 | D:1      | 0 ||| qw: Version: 0.2-a-119-g7aa9181
     0 | D:1      | 0 ||| qw: Game counter: 2923
     0 | D:1      | 0 ||| qw: Always use a shield: true
     0 | D:1      | 0 ||| qw: God list: Okawaru
     0 | D:1      | 0 ||| qw: Allow faded altars: false
     0 | D:1      | 0 ||| qw: Do Orc after D:15 true
     0 | D:1      | 0 ||| qw: Do second Lair branch before Depths: true
     0 | D:1      | 0 ||| qw: Lair rune preference: random
     0 | D:1      | 0 ||| qw: Plans: Normal
     0 | D:1      | 0 ||| PLANNING D:1-11
   138 | D:1      | Reached XP level 2. HP: 25/25 MP: 1/1
   147 | D:1      | Reached skill level 5 in Ranged Weapons
   346 | D:1      | Found a faded altar of an unknown god.
   380 | D:1      | Reached skill level 3 in Fighting
   727 | D:1      | 727 ||| UPGRADING to +0 ring mail.
   737 | D:1      | 737 ||| DROPPING +0 leather armour.
   738 | D:1      | 738 ||| DROPPING amulet of magic regeneration.
   739 | D:1      | 739 ||| READING scroll labelled LORRITU VUFFEFF.
   740 | D:1      | 740 ||| READING scroll labelled QYINICR DETWI.
   741 | D:1      | 741 ||| READING scroll labelled MELEYQIJELO.
   742 | D:1      | 742 ||| DRINKING 2 smoky inky potions.
   743 | D:1      | 743 ||| DROPPING scroll of butterflies.
   786 | D:2      | Reached skill level 1 in Armour
   786 | D:2      | Reached XP level 3. HP: 31/31 MP: 2/2
   790 | D:2      | 790 ||| STAIRDANCE
   845 | D:2      | 845 ||| STAIRDANCE
   919 | D:2      | 919 ||| STAIRDANCE
   924 | D:1      | HP: 2/31 [gnoll/+0 halberd (12)]
   924 | D:1      | Mangled by a gnoll

Levels and vault maps discovered:
D:1:      saegor_arrival_fortress, layout_basic,
          shapermc_ecumenical_altar_mp_ritualfount, minmay_tall_x
D:2:      layout_loops_ring, basic_altar

Skill      XL: |  1  2 |
---------------+-------+-----
Ranged Weapons | 5 |  5.2
Fighting       | 3 |  3.0
Armour         | 1 |  1.3
Dodging        | |  2.1
Stealth        | |  0.7

Action                     || total
---------------------------++-------
   Fire: Shortbow          ||    57
    Use: Scroll            ||     3
         Potion            ||     1
 Armour: Leather armour    ||     1
  Dodge: Dodged            ||    19

Table legend:
 A = Non-vault XP
 B = Vault XP
 C = Vault XP percentage of total XP
 D = Non-vault monster count
 E = Vault monster count
 F = Vault count percentage of total count
                 A         B        C        D         E       F
            +---------+---------+-------+---------+---------+-------
      Total |      52 |       8 |  13.3 |      15 |       4 |  21.1
            +---------+---------+-------+---------+---------+-------
        D:1 |      38 |       8 |  17.4 |      14 |       4 |  22.2
        D:2 |      14 |       0 |   0.0 |       1 |       0 |   0.0
            +---------+---------+-------+---------+---------+-------
